 Dungeon Crawl Stone Soup version 0.25-a0-489-g9ae84a01e3 (webtiles) character file.

Game seed: 5992073836464382498, levelgen mode: deterministic

88 Forecaster the Shooter (level 4, -6/36 HPs)
             Began as a Centaur Hunter on Feb 11, 2020.
             Killed from afar by an orc wizard (8 damage)
             ... with a magic dart
             ... on level 2 of the Dungeon.
             The game lasted 00:13:40 (1166 turns).

Forecaster the Shooter (Centaur Hunter)             Turns: 1166, Time: 00:13:40

Health: -6/36      AC:  4    Str: 14    XL:     4   Next: 30%
Magic:  0/4        EV:  9    Int: 10    God:
Gold:   8          SH:  0    Dex: 11    Spells: 3/3 levels left

rFire    . . .     SeeInvis .   i - +1 short sword (speed)
rCold    . . .     Gourm    .   (no shield)
rNeg     . . .     Faith    .   c - +0 leather armour
rPois    .         Spirit   +   (no helmet)
rElec    .         Reflect  .   (no cloak)
rCorr    .         Harm     .   (no gloves)
MR       .....                  (no barding)
Stlth    +.........             k - amulet of guardian spirit
HPRegen  0.12/turn              (no ring)
MPRegen  0.09/turn              (no ring)

@: very quick
A: large, hooves 3, deformed body, speed 2, tough skin 3
a: no special abilities


You were on level 2 of the Dungeon.
You were not hungry.

You visited 1 branch of the dungeon, and saw 2 of its levels.

You collected 8 gold pieces.

Inventory:

Hand Weapons
 a - a +1 shortbow
 b - a +0 short sword
 i - a +1 short sword of speed (weapon)
 q - a +0 mace
 s - a +2 dagger of protection
 w - a +0 short sword
 x - a +0 short sword
 A - a +0 hunting sling
Missiles
 d - 42 arrows
 j - 19 stones (quivered)
 o - 13 sling bullets
 p - 5 boomerangs
Armour
 c - a +0 leather armour (worn)
 m - a +0 scale mail of positive energy
 n - a cursed +0 ring mail
 y - a +0 ring mail
Jewellery
 k - an amulet of guardian spirit (around neck)
Scrolls
 e - a scroll of fog {unknown}
 h - a scroll of immolation {unknown}
 l - a scroll of amnesia {unknown}
 r - 2 scrolls of remove curse {unknown}
 t - a scroll of teleportation {unknown}
 v - a scroll of fear {unknown}
Potions
 u - 3 potions of invisibility {unknown}
 z - 2 potions of brilliance {unknown}
Comestibles
 f - 4 rations
 g - a chunk of flesh


   Skills:
 + Level 2.3 Fighting
 + Level 0.1 Short Blades
 + Level 7.1 Bows
 + Level 0.6 Armour
 + Level 1.6 Dodging
 + Level 0.4 Stealth


You had 3 spell levels left.
You didn't know any spells.
Your spell library was empty.

Dungeon Overview and Level Annotations

Branches:
Dungeon (2/15)

Altars:
Nemelex Xobeh


Innate Abilities, Weirdness & Mutations

You have hooves in place of feet.
Armour fits poorly on your strangely shaped body.
You cover ground very quickly.
You have extremely tough skin. (AC +3)


Message History

The puff of frost misses you.
You closely miss the orc wizard. You kick the orc wizard.
The orc wizard is heavily wounded.
The orc wizard hits you but does no damage.
You closely miss the orc wizard.
The orc wizard is heavily wounded.
You hit the orc wizard but do no damage.
Your kick misses the orc wizard.
The orc wizard is heavily wounded.
The orc wizard points at you and mumbles some strange words.
The puff of flame hits you!
* * * LOW HITPOINT WARNING * * *
You hit the orc wizard.
The orc wizard is heavily wounded.
The orc wizard closely misses you.
You barely miss the orc wizard. Your kick misses the orc wizard.
The orc wizard is heavily wounded.
The orc wizard gestures at you while chanting.
The magic dart hits you!
You die...

##. #.. ##+## #.#
##...## #.####
##.....## #.##.##
##.......##
##.#...####)........#
.......S..+.........+
.#.#...####)........#
.#.##.## ##....@..##
.#....# ##...o.##
.#....# ##...##
.#....# ##'## .##.#.#
#.# ......# #.#
###.### ##.## #.#
#####...## #.#
##........##


You could see an orc wizard.

Vanquished Creatures
  4 gnolls (D:2)
  An adder (D:2)
  5 dart slugs (D:1)
  A leopard gecko (D:1)
  An orc (D:2)
  6 bats
  A giant cockroach (D:2)
  A goblin (D:1)
  3 hobgoblins
  2 ball pythons (D:1)
  A frilled lizard (D:2)
  3 kobolds (D:2)
  3 rats (D:1)
32 creatures vanquished.

Notes
Turn   | Place    | Note
-------+----------+-------------------------------------------
     0 | D:1      | Forecaster the Centaur Hunter began the quest for the Orb.
     0 | D:1      | Reached XP level 1. HP: 17/17 MP: 1/1
   184 | D:1      | Reached skill level 6 in Bows
   184 | D:1      | Reached XP level 2. HP: 24/24 MP: 0/2
   478 | D:1      | Reached XP level 3. HP: 25/29 MP: 3/3
   697 | D:2      | Found a sparkling altar of Nemelex Xobeh.
   988 | D:2      | Reached skill level 7 in Bows
   988 | D:2      | Reached XP level 4. HP: 36/36 MP: 4/4
  1164 | D:2      | HP: 1/36 [orc wizard/puff of flame (6)]
  1166 | D:2      | Killed from afar by an orc wizard

Levels and vault maps discovered:
D:1:      minmay_arrival_arboretum_large, layout_loops_ring
D:2:      layout_loops_corners, nemelex_xobeh_ov_fountains_minmay

Skill      XL: |  1  2  3 |
---------------+----------+-----
Bows           | 6 7 |  7.1
Fighting       | |  2.3
Short Blades   | |  0.1
Armour         | |  0.6
Dodging        | |  1.6
Stealth        | |  0.4

Action                   |  1- 3 |  4- 6 || total
-------------------------+-------+-------++-------
Melee: Shortbow          |     3 |       ||     3
       Kick              |     6 |     4 ||    10
       Short sword       |    25 |    16 ||    41
 Fire: Shortbow          |    68 |     5 ||    73
Armor: Leather armour    |    10 |     4 ||    14
Dodge: Dodged            |    19 |     6 ||    25

Table legend:
 A = Non-vault XP
 B = Vault XP
 C = Vault XP percentage of total XP
 D = Non-vault monster count
 E = Vault monster count
 F = Vault count percentage of total count
                 A         B        C        D         E       F
            +---------+---------+-------+---------+---------+-------
      Total |     127 |       0 |   0.0 |      32 |       0 |   0.0
            +---------+---------+-------+---------+---------+-------
        D:1 |      43 |       0 |   0.0 |      19 |       0 |   0.0
        D:2 |      84 |       0 |   0.0 |      13 |       0 |   0.0
            +---------+---------+-------+---------+---------+-------
